AoeStats
← 神速デュバリィ

Arena

509554631Analyzed
2v2 RM · 4d ago on Sep 27, 2026· 38m 1s· 4 players
Game mode
Random Map
Map size
Medium (4 player)
Population
200
Speed
Normal
Resources
Standard
Victory
Conquest
Starting age
Dark Age
Ending age
Imperial Age
RankedLock teamsTeams togetherTeam positionsShared explorationLock speedFull tech treeHidden civsTurbo modeCheats
Victory
Defeat
🇨🇳 Japanese · China
1335
+12
1306
+13
🇦🇷 Slavs · Argentina
1304
-15
🇦🇷 Persians · Argentina
1177
-10
神速デュバリィ
9:31 Feudal Age
11:47 Loom
14:50 Castle Age
13:04 Double-Bit Axe
15:58 Bow Saw
16:40 Fervor
17:55 Horse Collar
23:16 Wheelbarrow
26:04 Hand Cart
29:14 Imperial Age
26:22 Pikeman
27:26 Squires
27:29 Scale Mail Armor
28:42 Chemistry
29:33 Halberdier
30:28 Siege Engineers
30:45 Conscription
30:58 Chain Mail Armor
31:13 Sanctity
32:46 Plate Mail Armor
32:26 Forging
33:28 Two-Man Saw
33:01 Wagenburg Tactics
33:26 Fortified Wall
34:57 Houfnice
35:22 Elite Hussite Wagon
LEVI
9:03 Feudal Age
10:51 Feudal Age
12:29 Loom
15:16 Castle Age
13:46 Horse Collar
14:57 Double-Bit Axe
16:33 Bow Saw
19:59 Scale Mail Armor
25:00 Arson
31:21 Chain Mail Armor
31:50 Forging
31:43 Squires
32:05 Gold Mining
39:12 Imperial Age
37:22 Wheelbarrow
37:19 Heavy Plow
Armada Fantasma
9:45 Feudal Age
12:40 Loom
16:11 Castle Age
14:15 Double-Bit Axe
14:33 Horse Collar
17:51 Bow Saw
17:43 Heavy Plow
20:02 Wheelbarrow
19:29 Town Watch
28:22 Imperial Age
26:54 Scale Barding Armor
26:59 Forging
26:58 Gold Mining
26:58 Stone Mining
27:40 Husbandry
28:04 Bloodlines
28:13 Fletching
28:23 Padded Archer Armor
28:57 Ballistics
28:01 Cavalier
30:10 Two-Man Saw
29:13 Bodkin Arrow
29:06 Capped Ram
32:34 Gold Shaft Mining
31:50 Crossbowman
31:50 Elite Skirmisher
33:22 Thumb Ring
33:35 Leather Archer Armor
33:03 Light Cavalry
38:06 Chemistry
37:09 Scale Mail Armor
ZBizkit
10:41 Feudal Age
10:07 Loom
15:13 Castle Age
13:45 Double-Bit Axe
13:41 Horse Collar
16:16 Bow Saw
17:14 Heavy Plow
21:11 Fletching
23:07 Bodkin Arrow
23:58 Gold Mining
26:02 Wheelbarrow
30:38 Imperial Age
32:51 Hand Cart
32:59 Stone Mining
33:44 Gold Shaft Mining
Connection lost

Rejoining the realm…

Still unreachable

The connection could not be restored.

Session expired

The server has moved on; the page needs a fresh start.